 Dungeon Crawl Stone Soup version 0.30-a0-596-g0af90f9a20 (webtiles) character file.

Game seed: 14853315409415572368

6831 bmack86 the Fighter (level 10, -2/94 HPs)
             Began as a Minotaur Fighter on Jan 6, 2023.
             Was a High Priest of Okawaru.
             Slain by a troll (8 damage)
             ... on level 9 of the Dungeon.
             The game lasted 00:20:11 (7785 turns).

bmack86 the Fighter (Minotaur Fighter)              Turns: 7785, Time: 00:20:11

Health: -2/94      AC: 13    Str: 29    XL:     10   Next: 77%
Magic:  12/12      EV:  7    Int:  5    God:    Okawaru [*****.]
Gold:   390        SH:  9    Dex:  9    Spells: 9/9 levels left

rFire   . . .      SeeInvis .    a - +0 war axe (venom)
rCold   . . .      Faith    .    i - +0 kite shield
rNeg    . . .      Spirit   .    x - +0 chain mail
rPois   .          Reflect  .    (helmet restricted)
rElec   .          Harm     .    k - scarf {repulsion}
rCorr   .          Rampage  .    p - +0 pair of gloves {Str+3}
Will    +....                    (no boots) Stlth
                                 (no amulet)
HPRegen 0.35/turn                h - ring of flight
MPRegen 0.13/turn                I - ring of willpower

@: mighty, flying, hasted, studying Armour, repel missiles, very quick
A: horns 2, retaliatory headbutt
a: Renounce Religion, Heroism, Finesse, Duel


You were on level 9 of the Dungeon.
You worshipped Okawaru.
Okawaru was extremely pleased with you.
You visited 2 branches of the dungeon, and saw 10 of its levels.

You collected 493 gold pieces.
You spent 103 gold pieces at shops.

Inventory:

Hand Weapons
 a - a +0 war axe of venom (weapon)
 E - a +5 battleaxe of venom
Missiles
 q - 2 datura-tipped darts
 s - 11 poisoned darts
 w - a boomerang (quivered)
 H - 2 boomerangs of dispersal
Armour
 i - a +0 kite shield (worn)
 k - a scarf of repulsion (worn)
 p - a +0 pair of gloves of strength (worn)
 x - a +0 chain mail (worn)
Jewellery
 h - a ring of flight (left hand)
 C - a ring of positive energy
 I - a ring of willpower (right hand)
Wands
 b - a wand of quicksilver (6)
 v - a wand of iceblast (7)
 y - a wand of mindburst (9)
 A - a wand of flame (22)
Scrolls
 e - 3 scrolls of teleportation
 j - a scroll of butterflies
 l - a scroll of immolation
 o - 2 scrolls of vulnerability
 t - a scroll of fog
 B - a scroll of poison
 D - a scroll of amnesia
Potions
 c - a potion of ambrosia
 d - 3 potions of might
 g - 2 potions of curing
 m - a potion of haste
 n - a potion of heal wounds
 r - 3 potions of flight
 u - a potion of lignification
 z - 2 potions of attraction
 F - a potion of cancellation {unknown}
 G - 3 potions of magic


   Skills:
 * Level 10.8 Fighting
 * Level 10.6 Axes
 + Level 5.2 Throwing
 + Level 10.7 Armour
 + Level 7.9 Shields
 + Level 5.1 Invocations


You had 9 spell levels left.
You didn't know any spells.
Your spell library contained the following spells:

 Spells                   Type           Power      Damage    Failure   Level
 Kiss of Death            Conj/Necr      0%         2d5       99%         1
 Magic Dart               Conj           0%         1d3       99%         1
 Shock                    Conj/Air       0%         1d3       99%         1
 Ensorcelled Hibernation  Hex/Ice        0%         N/A       100%        2
 Scorch                   Fire           0%         2d5       100%        2
 Static Discharge         Conj/Air       0%         2-2/arc   100%        2
 Confusing Touch          Hex            0%         N/A       100%        3
 Gell's Gravitas          Tloc           0%         N/A       100%        3
 Hailstorm                Conj/Ice       0%         3d3       100%        3
 Mephitic Cloud           Conj/Pois/Air  0%         N/A       100%        3
 Spider Form              Tmut/Pois      0%         N/A       100%        3
 Swiftness                Air            0%         N/A       100%        3
 Teleport Other           Tloc           0%         N/A       100%        3
 Vhi's Electric Charge    Tloc/Air       0%         N/A       100%        3
 Airstrike                Air            0%         2d(0-16)  100%        4
 Anguish                  Hex/Necr       0%         N/A       100%        4
 Dispel Undead            Necr           0%         3d6       100%        4
 Flame Wave               Conj/Fire      0%         2d4       100%        4
 Ice Form                 Ice/Tmut       0%         N/A       100%        4
 Arcjolt                  Conj/Air       0%         1d10      100%        5
 Fireball                 Conj/Fire      0%         3d3       100%        5
 Freezing Cloud           Conj/Ice/Air   0%         6-21      100%        5
 Lightning Bolt           Conj/Air       0%         1d11      100%        5
 Dispersal                Tloc           0%         N/A       100%        6
 Lehudib's Crystal Spear  Conj/Erth      0%         10d2      100%        8
 Call Imp                 Summ           Unusable   N/A       N/A         2
 Simulacrum               Ice/Necr       Unusable   N/A       N/A         6
 Summon Cactus Giant      Summ           Unusable   N/A       N/A         6

Dungeon Overview and Level Annotations

Branches:
Dungeon (9/15)             Temple (1/1) D:4
   Lair: D:8-11         Orc: D:9-12

Altars:
Ashenzari
Cheibriados
Dithmenos
Elyvilon
Fedhas
Gozag
Hepliaklqana
Kikubaaqudgha
Makhleb
Nemelex Xobeh
Okawaru
Qazlal
Ru
Sif Muna
Trog
Uskayaw
Vehumet
Wu Jian
Xom
Yredelemnul
Zin
The Shining One

Shops:
D:4 (   D:6 *

Annotations:
D:9 Psyche
Temple 2 transporters


Innate Abilities, Weirdness & Mutations

You have a pair of horns on your head.
You reflexively headbutt those who attack you in melee.


Message History

The killer bee buzzes angrily.
You slash the kobold demonologist!
The kobold demonologist looks as sick as possible!
The kobold demonologist is almost dead.
You slash the troll!
The troll is poisoned.
You feel yourself speed up.
The kobold demonologist barely misses you.
You furiously retaliate!
You headbutt the kobold demonologist!
You kill the kobold demonologist!
Okawaru accepts your kill. Okawaru grants you throwing weapons!
Something appears at your feet!
The rust devil disappears in a puff of smoke!
You block the troll's attack. The troll barely misses you.
The troll claws you but does no damage. The troll bites you!
* * * LOW HITPOINT WARNING * * *
The troll claws you but does no damage. x2
You feel much better.
The centaur unwields a +0 shortbow.
The centaur hits you but does no damage.
The centaur kicks you but does no damage.
You block the troll's attack. The troll claws you. x2
You feel yourself speed up.
The centaur hits you but does no damage.
The centaur barely misses you. You block the centaur's attack.
The centaur kicks you but does no damage.
The troll bites you!
* * * LOW HITPOINT WARNING * * *
The troll claws you but does no damage. You block the troll's attack.
Psyche the Insane Magess comes into view.
She is wielding a +3 dagger of chaos.
You feel very mighty all of a sudden. You block the centaur's attack. x2
You slash the centaur!
The centaur is poisoned.
You headbutt the centaur!
The centaur is almost dead.
You hit the troll.
The troll looks as sick as possible!
You block the centaur's attack. x2; The troll bites you!
* * * LOW HITPOINT WARNING * * *
The troll claws you!
* * * LOW HITPOINT WARNING * * *
The troll claws you!
You die...

#....# #. ####....# #. #........
#. #........ #### # ###'
#........ ...#### .#.#.#.
#....~~.. .[.'..# .@....W
#...~~... ...##.# #.#....T##
###........ ....#.#.#.# #yc@#
#....######
#.#.#.#.#.######)######.......##
#.#<#.#
.......).......>.........
#.###.#
#.###...#####.#.##....###
#.###'###.###...# #.#.##.......
#.##............# #.#.##....###
#.##............# #.#.........
#.##............# #.#..########
................# #.#.....#


You could see Psyche, a troll (extremely poisoned), a wraith, a centaur (very
poisoned) and a killer bee.

Vanquished Creatures
  A two-headed ogre (D:8)
  A gargoyle (D:9)
  A kobold demonologist (D:9)
  3 trolls
  A hornet (D:9)
  Prince Ribbit (D:6)
  A wraith (D:9)
  A yak (D:9)
  2 water moccasins
  Duvessa (D:6)
  A floating eye (D:9)
  2 orc warriors
  3 sky beasts
  2 black bears
  An ice beast (D:6)
  An ogre (D:6)
  2 kobold brigands
  5 bullfrogs
  A necrophage (D:4)
  23 wights
  3 scorpions
  Dowan (D:6)
  3 killer bees (D:7)
  2 howler monkeys (D:9)
  3 hounds
  4 orc priests
  2 gnoll boudas
  2 jellies
  5 iguanas
  Jessica (D:3)
  9 orc wizards
  8 gnolls
  8 adders
  3 shadow imps
  A white imp (D:7)
  An ufetubus (D:6)
  3 worms
  The ghost of Esekla the Sneak, a weakling OpDe (D:5)
  2 dart slugs (D:3)
  37 orcs
  An endoplasm (D:1)
  2 giant cockroaches
  6 goblins
  5 hobgoblins
  15 kobolds
  6 ball pythons
  6 bats
  3 frilled lizards
  2 rats
199 creatures vanquished.

Vanquished Creatures (others)
  2 fungi (D:6)
2 creatures vanquished.

Grand Total: 201 creatures vanquished

Notes
Turn   | Place    | Note
-------+----------+-------------------------------------------
     0 | D:1      | bmack86 the Minotaur Fighter began the quest for the Orb.
     0 | D:1      | Reached XP level 1. HP: 19/19 MP: 0/0
   813 | D:2      | Reached XP level 2. HP: 27/27 MP: 1/1
   820 | D:2      | Reached XP level 3. HP: 25/33 MP: 2/2
  1114 | D:2      | Reached XP level 4. HP: 41/41 MP: 3/3
  1469 | D:3      | Found the +9 sword of Power
  1574 | D:3      | Found a stormy altar of Qazlal.
  1575 | D:3      | Found a broken altar of Ashenzari.
  1796 | D:3      | Reached skill level 5 in Fighting
  1810 | D:3      | Noticed Jessica
  1822 | D:3      | Reached XP level 5. HP: 39/48 MP: 4/4
  1822 | D:3      | Killed Jessica
  2098 | D:3      | Found a faded altar of an unknown god.
  2324 | D:4      | Found a staircase to the Ecumenical Temple.
  2340 | Temple   | Entered the Ecumenical Temple
  2340 | Temple   | Found a transporter.
  2340 | Temple   | Found a transporter.
  2342 | Temple   | Found a transporter.
  2342 | Temple   | Found a transporter.
  2365 | Temple   | Became a worshipper of Warmaster Okawaru
  2504 | D:4      | Reached skill level 5 in Armour
  2504 | D:4      | Reached XP level 6. HP: 50/56 MP: 5/5
  2546 | D:4      | Reached skill level 5 in Axes
  2836 | D:4      | Found Qacluowk's Weapon Shoppe.
  2841 | D:4      | Bought 2 boomerangs for 11 gold pieces
  3045 | D:5      | Entered Level 5 of the Dungeon
  3068 | D:5      | Noticed a water moccasin
  3073 | D:5      | Killed a water moccasin
  3186 | D:5      | Found a runed translucent door.
  3186 | D:5      | Noticed Esekla's ghost (weakling OpDe)
  3223 | D:5      | Killed Esekla's ghost
  3224 | D:5      | Reached skill level 1 in Throwing
  3254 | D:5      | Reached skill level 1 in Invocations
  3254 | D:5      | Reached XP level 7. HP: 58/63 MP: 6/6
  3285 | D:5      | Reached skill level 5 in Shields
  3296 | D:5      | Reached * piety under Okawaru
  4147 | D:6      | Noticed Duvessa
  4149 | D:6      | Noticed Dowan
  4158 | D:6      | Killed Dowan
  4167 | D:6      | Killed Duvessa
  4168 | D:6      | Reached XP level 8. HP: 9/73 MP: 8/8
  4429 | D:6      | Noticed Prince Ribbit
  4432 | D:6      | Reached ** piety under Okawaru
  4441 | D:6      | Killed Prince Ribbit
  4678 | D:6      | Found Nen Tugi's Assorted Antiques.
  4686 | D:6      | Bought a lumpy brown potion for 28 gold pieces
  4686 | D:6      | Bought a scroll labelled FOIVYU YCZU for 32 gold pieces
  4686 | D:6      | Bought a scroll labelled MAF RUZEAKYUN for 32 gold pieces
  4814 | D:6      | Found an ornate altar of the Wu Jian Council.
  5379 | D:7      | Reached *** piety under Okawaru
  5380 | D:7      | Reached XP level 9. HP: 71/81 MP: 10/10
  5476 | D:7      | Noticed a troll
  5482 | D:7      | Killed a troll
  5532 | D:7      | Noticed a troll
  5539 | D:7      | Killed a troll
  5549 | D:7      | Got the Parchment of Blows
  6177 | D:7      | Reached **** piety under Okawaru
  6710 | D:8      | Reached XP level 10. HP: 35/92 MP: 10/12
  6718 | D:8      | Noticed a two-headed ogre
  6724 | D:8      | Killed a two-headed ogre
  6724 | D:8      | Received a gift from Okawaru
  6725 | D:8      | Reached skill level 10 in Fighting
  6977 | D:8      | Found a hazy altar of Hepliaklqana.
  7198 | D:8      | Reached skill level 10 in Armour
  7328 | D:8      | Found a burning altar of Makhleb.
  7328 | D:8      | Noticed a cacodemon
  7331 | D:8      | Noticed a smoke demon
  7572 | D:9      | Identified the +3 leather armour of the Stone Wall {Will-
                  | Int+5 Dex+5}
  7593 | D:9      | Reached skill level 10 in Axes
  7745 | D:9      | Paralysed by a hornet for 2 turns
  7749 | D:9      | Reached ***** piety under Okawaru
  7749 | D:9      | Noticed a gargoyle
  7755 | D:9      | Paralysed by a floating eye for 3 turns
  7766 | D:9      | Reached skill level 5 in Throwing
  7767 | D:9      | Noticed a sun demon
  7768 | D:9      | Killed a gargoyle
  7772 | D:9      | Reached skill level 5 in Invocations
  7777 | D:9      | Noticed a rust devil
  7781 | D:9      | Received a gift from Okawaru
  7783 | D:9      | Noticed Psyche
  7785 | D:9      | Slain by a troll

Illustrated notes

Levels and vault maps discovered:
D:1:      nicolae_arrival_washed_ashore, layout_basic
D:2:      layout_rooms, minmay_small_reverse_x
D:3:      layout_basic, chequers_temple_overflow_statue_of_worship,
          ebering_ecumenical_altar_webs, amcnicky_mini_corridor_feature,
          hex_large, uniq_jessica
D:4:      layout_loops_ring, minmay_temple_entry_large_hall, serial_shops,
          kennysheep_little_box
D:5:      layout_basic, gammafunk_ghost_grave
D:6:      layout_basic, mainiacjoe_overflow_boulevard, serial_shops,
          nicolae_shop_hallway_stairs, st_stairs_11, uniq_duvessa,
          uniq_prince_ribbit1
D:7:      minmay_spotlight, layout_cave_pools, roderic_serpentine_path,
          minmay_bent
D:8:      layout_basic, nicolae_hepliaklqana_hippocampus,
          makhleb_altar_promises_db
D:9:      layout_basic, onia_ninara_cookie, uniq_psyche
Temple:   hellmonk_temple_divided_pantheon

Skill      XL: |  1  2  3  4  5  6  7  8  9 10 |
---------------+-------------------------------+-----
Fighting       | 4 5 6 7 8 9 10 | 10.8
Axes           | 3 4 5 6 7 9 10 | 10.6
Armour         | 4 5 6 8 9 10 | 10.7
Shields        | 4 5 6 7 |  7.9
Throwing       | 1 2 3 4 5 |  5.2
Invocations    | 1 2 3 4 5 |  5.1

Action                   |  1- 3 |  4- 6 |  7- 9 | 10-12 || total
-------------------------+-------+-------+-------+-------++-------
Melee: War axe           |    45 |   109 |   205 |    65 ||   424
       Headbutt          |     3 |    22 |    37 |    16 ||    78
Throw: Dart              |       |     2 |     2 |       ||     4
       Boomerang         |       |       |       |     4 ||     4
Invok: Heroism           |       |       |     1 |     2 ||     3
  Use: Scroll            |       |    13 |     6 |     2 ||    21
       Potion            |       |       |       |     3 ||     3
Armor: Scale mail        |    26 |    40 |    13 |       ||    79
       Chain mail        |       |       |   118 |    46 ||   164
Dodge: Dodged            |    19 |    53 |    91 |    25 ||   188
       Repelled          |       |     1 |     1 |       ||     2
Block: Kite shield       |    15 |    51 |   119 |    53 ||   238
       Buckler           |     1 |       |       |       ||     1

Table legend: (Time is in decaauts)
 A = Elapsed time spent in this place.
 B = Non-inter-level travel time spent in this place.
 C = Inter-level travel time spent in this place.
 D = Time resting spent in this place.
 E = Time spent auto-exploring this place.
 F = Levels seen in this place.
 G = Mean time per level.
                   A        B        C        D        E       F      G
               +--------+--------+--------+--------+--------+-----+--------+
         Total |   7918 |   7577 |    341 |    539 |   4776 |  10 |  791.8 |
       Dungeon |   7873 |   7532 |    341 |    539 |   4776 |   9 |  874.8 |
        Temple |     44 |     44 |      0 |      0 |      0 |   1 |   44.0 |
               +--------+--------+--------+--------+--------+-----+--------+

Top non-repeatable levels by time:
     D:6: 1467 daAuts
     D:7: 1174 daAuts
     D:8: 1087 daAuts
     D:4: 922 daAuts
     D:3: 807 daAuts
     D:1: 794 daAuts
     D:5: 742 daAuts
     D:2: 653 daAuts
     D:9: 224 daAuts
  Temple: 44 daAuts
